 Dungeon Crawl Stone Soup version 0.18-a0-965-g9200175 (webtiles) character file.

220 Alethiolet the Covered (level 5, 0/38 HPs)
             Began as a Demonspawn Wanderer on Jan 1, 2016.
             Was a Priest of Cheibriados.
             Slain by an ogre
             ... wielding a +0 giant club
              (12 damage)
             ... on level 4 of the Dungeon.
             The game lasted 00:06:39 (2602 turns).

Alethiolet the Covered (Demonspawn Wanderer)        Turns: 2602, Time: 00:06:39

Health: 0/38       AC: 11    Str: 20    XL:     5   Next: 64%
Magic:  5/5        EV:  9    Int: 22    God:    Cheibriados [***...]
Gold:   136        SH:  3    Dex: 18    Spells: 0 memorised, 4 levels left

rFire  . . .     SeeInvis .     (no weapon)
rCold  + . .     Gourm    .     u - +0 storm dragon armour
rNeg   . . .     Faith    .     (no shield)
rPois  .         Spirit   .     (no helmet)
rElec  +         Dismiss  .     (no cloak)
rCorr  .         Reflect  +     (no gloves)
SustAt .         Harm     .     (no boots)
MR     .....                    m - +3 amulet of reflection
Stlth  ..........               (no ring)
                                h - ring of protection from cold

@: very slow, not resistant to hostile enchantments, extremely unstealthy
A: claws 1, foul stench 1, rot immunity
a: Bend Time, Temporal Distortion, Renounce Religion


You were on level 4 of the Dungeon.
You worshipped Cheibriados.
Cheibriados was most pleased with you.
You were not hungry.

You visited 1 branch of the dungeon, and saw 4 of its levels.

You collected 136 gold pieces.

Inventory:

Hand Weapons
 a - a +2 hand crossbow
Missiles
 b - 11 bolts
 s - 3 poisoned bolts
Armour
 d - a +0 buckler
 e - a +0 robe
 u - a +0 storm dragon armour (worn)
Jewellery
 h - a ring of protection from cold (left claw)
 m - a +3 amulet of reflection (around neck)
Scrolls
 i - a scroll of fear {unknown}
 o - 2 scrolls of remove curse {unknown}
 p - 2 scrolls of immolation {unknown}
 q - a scroll of blinking {unknown}
Potions
 c - a potion of lignification
 k - a potion of curing
 n - a potion of haste
 r - 2 potions of brilliance
Comestibles
 f - 2 bread rations
 g - 5 fruits
 l - a meat ration
 t - a slice of pizza


   Skills:
 - Level 2.0 Fighting
 + Level 3.6 Crossbows
 - Level 1.0 Throwing
 + Level 4.3 Armour
 * Level 2.9 Dodging
 - Level 1.0 Shields


You had 4 spell levels left.
You didn't know any spells.

Dungeon Overview and Level Annotations

Branches:
Dungeon (4/15)
 Temple: D:4-7

Altars:
Cheibriados
Fedhas
Sif Muna


Innate Abilities, Weirdness & Mutations

You have sharp fingernails.
You may emit foul miasma when damaged in melee.
You are immune to rotting.


Message History

k - a potion of curing Read which item? (? for menu, Esc to quit)
Okay, then.
Drink which item? (? for menu, Esc to quit)
Okay, then.
Drink which item? (? for menu, Esc to quit)
Okay, then.
Drink which item? (? for menu, Esc to quit)
Okay, then.
Quiver which item? (- for none, * to show all) (? for menu, Esc to quit)
Okay, then.
Drink which item? (? for menu, Esc to quit)
Okay, then.
You see here a glowing leather armour.
An ogre comes into view. It is wielding a giant club.
The ogre shouts!
An ogre is nearby!
The ogre hits you with a giant club!
The ogre looks sick.
The ogre hits you with a giant club!
You die...

#.# #.# #.## .. ##.. .#
######..# ... ........#
...# ......#.# .#.#.#
..... #O##<..... ...
.... #@...#..#. ......
... #.[....#.. ...... ..
#......#.# ...... #
##..#.#...##......
##...#.............
#...##..#..........
#######.........<......#
#.......########..##...#
#.#..#.## #...(.#.# ##


You could see an ogre.

Vanquished Creatures
  An orc wizard (D:3)
  2 adders
  2 oozes (D:3)
  A worm (D:2)
  4 giant geckos
  6 orcs
  3 ball pythons
  3 giant cockroaches
  5 goblins
  2 hobgoblins
  10 jackals
  6 kobolds
  4 quokkas
  7 bats
  4 giant newts
  6 rats (D:2)
66 creatures vanquished.

Vanquished Creatures (others)
  A centaur (D:4)
  A goblin (D:2)
2 creatures vanquished.

Grand Total: 68 creatures vanquished

Notes
Turn   | Place    | Note
--------------------------------------------------------------
     0 | D:1      | Alethiolet the Demonspawn Wanderer began the quest for the Orb.
     0 | D:1      | Alethiolet set off with: a +2 hand crossbow, 25 bolts, a potion of lignification, a +0 buckler, a +0 robe, a bread ration
     0 | D:1      | Reached XP level 1. HP: 16/16 MP: 1/1
   324 | D:1      | Gained mutation: You are immune to rotting. [demonic ancestry]
   324 | D:1      | Reached XP level 2. HP: 13/22 MP: 2/2
   727 | D:1      | Reached skill level 4 in Armour
   905 | D:2      | Found a faded altar to an unknown god.
   911 | D:2      | Became a worshipper of Cheibriados the Contemplative
   911 | D:2      | Reached * piety under Cheibriados
  1126 | D:2      | Reached XP level 3. HP: 27/27 MP: 3/3
  1377 | D:2      | Reached ** piety under Cheibriados
  1434 | D:2      | Reached skill level 1 in Dodging
  1891 | D:3      | Gained mutation: You may emit foul miasma when damaged in melee. [demonic ancestry]
  1891 | D:3      | Reached XP level 4. HP: 30/33 MP: 4/4
  1970 | D:3      | Found a deep blue altar of Sif Muna.
  2185 | D:3      | Reached *** piety under Cheibriados
  2360 | D:3      | Gained mutation: You have sharp fingernails. [demonic ancestry]
  2360 | D:3      | Reached XP level 5. HP: 38/38 MP: 5/5
  2484 | D:4      | Found a blossoming altar of Fedhas.
  2490 | D:4      | Noticed a centaur
  2508 | D:4      | Killed a centaur
  2599 | D:4      | Noticed an ogre
  2602 | D:4      | Slain by an ogre

Vault maps used:
D:1:      scummos_arrival_simple_fountains
D:2:      first_bread, ecumenical_altar_1, serial_forest,
          infiniplex_forest_clump_tiny, infiniplex_forest_clump_double,
          infiniplex_forest_straight_4, infiniplex_forest_straight_3,
          infiniplex_forest_lined_1, infiniplex_forest_zigzag_1,
          infiniplex_forest_lined_3_way, infiniplex_forest_clump_diagonal
D:3:      lemuel_crystal_altar
D:4:      fedhas_bush_and_centaur_altar

Action                   |  1- 3 |  4- 6 || total
-------------------------+-------+-------++-------
Melee: Unarmed           |       |    68 ||    68
 Fire: Hand crossbow     |    80 |    52 ||   132
  Use: Scroll            |       |     3 ||     3
       Potion            |       |     1 ||     1
  Eat: Bread ration      |     1 |       ||     1
